 Dungeon Crawl Stone Soup version 0.31-a0-1395-g7c67ea8c80 (webtiles) character file.

Game seed: 3911422807389588322

65 Amplified the Ducker (level 3, -5/28 HPs)
             Began as a Demonspawn Gladiator on Dec 25, 2023.
             Killed from afar by Robin (11 damage)
             ... with a puff of flame
             ... on level 2 of the Dungeon.
             The game lasted 00:01:21 (1020 turns).

Amplified the Ducker (Demonspawn Gladiator)         Turns: 1020, Time: 00:01:22

Health: -5/28      AC:  7    Str: 16    XL:     3   Next: 94%
Magic:  3/3        EV: 10    Int:  8    God:
Gold:   107        SH:  0    Dex: 14    Spells: 2/2 levels left

rFire   . . .        a - +0 war axe
rCold   . . .        (no shield)
rNeg    . . .        j - +0 scale mail
rPois   .            c - +0 helmet
rElec   .            (no cloak)
rCorr   .            (no gloves)
SInv    .            (no boots)
Will    +....        (no amulet) Stlth
                     (no ring)
HPRegen 0.24/turn    (no ring)
MPRegen 0.08/turn

%: no passive effects
@: lethally poisoned (-5 -> -11), enlightened, flying, hasted, very quick
A: weakness stinger 1
a: no special abilities


You were on level 2 of the Dungeon.
You visited 1 branch of the dungeon, and saw 2 of its levels.

You collected 107 gold pieces.

Inventory:

Hand Weapons
 a - a +0 war axe (weapon)
Missiles
 d - 2 throwing nets (quivered)
 e - a javelin
Armour
 c - a +0 helmet (worn)
 j - a +0 scale mail (worn)
Scrolls
 b - a scroll of noise
 f - a scroll of enchant armour {unknown}
 g - a scroll of teleportation
 h - a scroll of amnesia {unknown}
 i - a scroll of blinking {unknown}
 k - 2 scrolls of identify
Potions
 n - a potion of haste


   Skills:
 * Level 2.6 Fighting
 * Level 3.2 Axes
 - Level 1.7 Throwing
 * Level 1.4 Armour
 * Level 3.2 Dodging


You had 2 spell levels left.
You didn't know any spells.
Your spell library contained the following spells:

 Spells                   Type           Power      Damage    Failure   Level
 Ensorcelled Hibernation  Hex/Ice        0%         N/A       94%         2
 Fugue of the Fallen      Necr           0%         N/A       99%         3
 Anguish                  Hex/Necr       0%         N/A       100%        4


Dungeon Overview and Level Annotations

Branches:
Dungeon (2/15)

Altars:

Shops:
D:2 *

Annotations:
D:2 Robin


Innate Abilities, Weirdness & Mutations

You have a small tail.


Message History

You barely miss Robin. You tail-slap Robin.
Robin is lightly wounded.
The goblin no longer looks unusually strong.
Robin roars a battlecry!
The goblin goes into a battle-frenzy!
You closely miss Robin.
Robin is lightly wounded.
You slash Robin!
Robin is heavily wounded.
Robin throws the goblin at you!
A goblin comes into view. It is wielding a +0 club.
The goblin hits you but does no damage. x2
You barely miss Robin.
Robin is heavily wounded.
You barely miss the goblin.
Robin roars a battlecry!
The goblin goes into a battle-frenzy!
The goblin misses you.
You hit Robin but do no damage. You punch Robin, but do no damage.
Robin is heavily wounded.
You barely miss the goblin. Robin closely misses you.
The goblin barely misses you.
You slash the goblin!
You kill the goblin!
You hit Robin.
Robin hits you with a +6 short sword of venom!
You are poisoned.
You feel very sick.
Robin says, "A pitiful Demonspawn like you will never find the ORB!"
Robin zaps a wand.
The puff of flame hits you.
You see here a +2 dagger of speed.
It was a potion of enlightenment.
You feel very buoyant.
You fly up into the air.
* * * LOW HITPOINT WARNING * * *
You feel sick.
* * * LOW HITPOINT WARNING * * *
You feel sick.
Robin zaps a wand.
The puff of flame hits you!
You die...
Robin calls out, "Let's celebrate!
Time for a feast!"

# .# ..# ..
##'###
#######g....#
#..@))gg≈≈≈.#
#.#####.≈∩..#
#.# #≈≈≈##
#.# #### #.#
# #.# # #.# #
#.# #..###
#.# #....'


You could see Robin, a hobgoblin (strong) and a goblin (strong).

Vanquished Creatures
  Terence (D:2)
  An adder (D:2)
  2 dart slugs (D:1)
  2 ball pythons (D:1)
  2 bats (D:1)
  3 endoplasms
  A giant cockroach (D:2)
  9 goblins
  2 quokkas (D:2)
  2 rats
25 creatures vanquished.

Notes
Turn   | Place    | Note
-------+----------+-------------------------------------------
     0 | D:1      | Amplified the Demonspawn Gladiator began the quest for the
                  | Orb.
     0 | D:1      | Reached XP level 1. HP: 16/16 MP: 1/1
   134 | D:1      | Gained mutation: You have a small tail. [demonic ancestry]
   134 | D:1      | Reached XP level 2. HP: 22/22 MP: 2/2
   563 | D:2      | Reached skill level 1 in Armour
   572 | D:2      | Reached XP level 3. HP: 28/28 MP: 3/3
   858 | D:2      | Noticed Terence
   880 | D:2      | Killed Terence
   987 | D:2      | Found Womi's General Store.
   990 | D:2      | Noticed Robin
  1020 | D:2      | Killed from afar by Robin

Illustrated notes

Levels and vault maps discovered:
D:1:      eino_arrival_druids_welcome, layout_rooms
D:2:      layout_basic, serial_shops, nicolae_shop_tiny_waterfront,
          uniq_terence, uniq_robin

Skill      XL: |  1  2 |
---------------+-------+-----
Axes           | 3 |  3.2
Armour         | 1 |  1.4
Dodging        | 3 |  3.2
Fighting       | |  2.6
Throwing       | |  1.7

Action                     || total
---------------------------++-------
  Melee: War axe           ||    68
         Tailslap          ||     6
         Punch             ||     1
  Throw: Throwing net      ||     1
    Use: Scroll            ||     2
         Potion            ||     4
   Stab: Invisible         ||     4
 Armour: Leather armour    ||    18
         Scale mail        ||    39
  Dodge: Dodged            ||    54

Table legend: (Time is in decaauts)
 A = Elapsed time spent in this place.
 B = Non-inter-level travel time spent in this place.
 C = Inter-level travel time spent in this place.
 D = Time resting spent in this place.
 E = Time spent auto-exploring this place.
 F = Levels seen in this place.
 G = Mean time per level.
                   A        B        C        D        E       F      G
               +--------+--------+--------+--------+--------+-----+--------+
         Total |   1034 |   1002 |     32 |    146 |    640 |   2 |  517.0 |
       Dungeon |   1034 |   1002 |     32 |    146 |    640 |   2 |  517.0 |
               +--------+--------+--------+--------+--------+-----+--------+

Top non-repeatable levels by time:
     D:1: 556 daAuts
     D:2: 477 daAuts
